 Dungeon Crawl Stone Soup version 0.29.0-4-gdea44cf6ec (webtiles) character file.

Game seed: 10954407181683191963

16 qw the Sneak (level 2, -6/19 HPs)
             Began as a Gargoyle Delver on Sept 10, 2022.
             Mangled by an iguana (8 damage)
             ... on level 5 of the Dungeon.
             The game lasted 00:00:09 (403 turns).

qw the Sneak (Gargoyle Delver)                       Turns: 403, Time: 00:00:10

Health: -6/19      AC:  5    Str: 15    XL:     2   Next: 54%
Magic:  2/2        EV: 11    Int: 10    God:
Gold:   11         SH:  0    Dex: 11    Spells: 1/1 levels left

rFire   . . .      SeeInvis .   a - +0 hand axe
rCold   . . .      Faith    .   (no shield)
rNeg    + . .      Spirit   .   b - +0 leather armour
rPois   inf        Reflect  .   (no helmet)
rElec   +          Harm     .   (no cloak)
rCorr   .          Rampage  .   (no gloves)
Will    .....                   (no boots)
Stlth   +++.......              (no amulet)
HPRegen 0.06/turn               (no ring)
MPRegen 0.08/turn               (no ring)

@: no status effects
A: sickness immunity, AC +2, negative energy resistance 1, electricity
resistance, torment resistance 1, petrification resistance
a: no special abilities


You were on level 5 of the Dungeon.
You visited 1 branch of the dungeon, and saw 1 of its levels.

You collected 11 gold pieces.


Innate Abilities, Weirdness & Mutations

You are immune to sickness and miasma.
Your stone body is resilient. (AC +2)
You are immune to poison.
You resist negative energy. (rN+)
You are resistant to electric shocks. (rElec)
You are resistant to unholy torment.
You are immune to petrification.


   Skills:
 - Level 3.2 Fighting
 + Level 2.8 Axes
 - Level 1.5 Dodging
 - Level 5.4 Stealth


You had one spell level left.
You didn't know any spells.
Your spell library was empty.

Inventory:

Hand Weapons
 a - a +0 hand axe (weapon)
 n - a +0 mace
Armour
 b - a +0 leather armour (worn)
 i - a +0 cloak
 j - an orb of mayhem
 m - a +0 ring mail
Jewellery
 o - the ring of Navomoji {Ice rPois}
   (You found it on level 5 of the Dungeon)

   [ring of ice]

   It enhances your ice magic.
   rF:        It makes you vulnerable to fire.
   rC:        It protects you from cold.
   rPois:     It protects you from poison.
Wands
 g - a wand of digging (3)
Scrolls
 c - a scroll of fog
 d - a scroll of magic mapping
 e - a scroll of fear
 h - a scroll of enchant weapon {unknown}
 l - a scroll of enchant armour {unknown}
Potions
 f - a potion of haste
 k - a potion of curing {unknown}

Dungeon Overview and Level Annotations

Branches:
Dungeon (5/15)
 Temple: D:4-7

Altars:


Message History

You miss the ufetubus. The ufetubus barely misses you.
The ufetubus hits you but does no damage.
The ufetubus misses you. The ufetubus barely misses you.
You slash the ufetubus!
You kill the ufetubus!
You start resting.
HP restored.
l - a +0 club;
m - a +0 ring mail;
n - a +0 mace
Items here: %%%% ))) [[.
367 ||| DROPPING +0 club.
You drop a +0 club.
l - a scroll labelled NAOKEW ZEUS
o - the ring of Navomoji {Ice rPois} An iguana comes into view.
A shadow imp comes into view.
Found a book of Blood.
There is an open door here.
Found a stone staircase leading down.
The iguana hisses angrily.
The shadow imp shouts!
You hit the iguana.
The iguana is moderately wounded.
You barely miss the shadow imp.
The shadow imp hits you but does no damage.
The iguana bites you.
You hit the iguana.
The iguana is heavily wounded.
You barely miss the shadow imp. The shadow imp barely misses you.
The iguana barely misses you.
You hit the iguana but do no damage.
The iguana is heavily wounded.
You hit the shadow imp. The shadow imp gestures at you.
Pain shoots through your body! The iguana barely misses you.
The iguana bites you!
The shadow imp hits you but does no damage.
You closely miss the iguana.
The iguana is heavily wounded.
You hit the shadow imp but do no damage.
The shadow imp hits you. The iguana bites you!
You die...

##### #..:# #.l5#
####..@################
........'..........)....
>.......#######....#####
.####...' #.........
#...# #......... #####
#......... ####......
#...... ###....


You could see an iguana and a shadow imp.

Vanquished Creatures
  An ufetubus (D:5)
  5 orcs (D:5)
6 creatures vanquished.

Notes
Turn   | Place    | Note
-------+----------+-------------------------------------------
     0 | D:5      | qw the Gargoyle Delver began the quest for the Orb.
     0 | D:5      | Reached XP level 1. HP: 14/14 MP: 1/1
     0 | D:5      | 0 ||| qw: Version: 0.1-a-116-g5d60599
     0 | D:5      | 0 ||| qw: Game counter: 7781
     0 | D:5      | 0 ||| qw: Always use a shield: true
     0 | D:5      | 0 ||| qw: God list: Okawaru
     0 | D:5      | 0 ||| qw: Allow faded altars: false
     0 | D:5      | 0 ||| qw: Do Orc after D:15 true
     0 | D:5      | 0 ||| qw: Do second Lair branch before Depths: true
     0 | D:5      | 0 ||| qw: Lair rune preference: random
     0 | D:5      | 0 ||| qw: Plans: Normal
     0 | D:5      | 0 ||| PLANNING D:1-11
    94 | D:5      | Reached XP level 2. HP: 17/19 MP: 2/2
   103 | D:5      | HP: 3/19 [orc/+0 club (3)]
   367 | D:5      | 367 ||| DROPPING +0 club.
   384 | D:5      | Identified the ring of Navomoji {Ice rPois}
   402 | D:5      | HP: 4/19 [iguana (7)]
   403 | D:5      | Mangled by an iguana

Levels and vault maps discovered:
D:5:      layout_basic, skrybe_limestone_x, due_unseen_surprise, uniq_ijyb

Skill      XL: |  1 |
---------------+----+-----
Axes           | 2 |  2.8
Fighting       | |  3.2
Dodging        | |  1.5
Stealth        | |  5.4

Action                   || total
-------------------------++-------
Melee: Hand axe          ||    43
       Punch             ||     1
Armor: Leather armour    ||    11
Dodge: Dodged            ||    28

Table legend:
 A = Non-vault XP
 B = Vault XP
 C = Vault XP percentage of total XP
 D = Non-vault monster count
 E = Vault monster count
 F = Vault count percentage of total count
                 A         B        C        D         E       F
            +---------+---------+-------+---------+---------+-------
      Total |      23 |       0 |   0.0 |       6 |       0 |   0.0
            +---------+---------+-------+---------+---------+-------
        D:5 |      23 |       0 |   0.0 |       6 |       0 |   0.0
            +---------+---------+-------+---------+---------+-------
